Map: Deathaura LE

Players

Silky

  • Race: Zerg Zerg
  • Spawn Location: 11:00

Scarlett - Winner!

  • Race: Zerg Zerg
  • Spawn Location: 5:00

Event: DreamHack SC2 Masters 2020 Fall

VOD

Have the link to the VOD?

Description

Time

  • Played on: Sept. 2, 2020, 3:37 p.m.
  • Length: 8:50

All games in this series

Show
View Real Time Build Order
Export as new Build Order

Silky Zerg 

Build Orders: Hatch First 

Get SALT Encoding   

  12  0:00  Drone  
  13  0:12  Overlord  
  13  0:17  Drone  
  14  0:31  Drone x2  
  16  0:48  Hatchery  
  15  0:51  Drone  
  15  0:55  Drone  
  17  0:58  Drone  
  18  1:09  Extractor  
  17  1:13  Spawning Pool  
  17  1:17  Drone  
  17  1:20  Drone  
  18  1:28  Drone  
  19  1:39  Drone  
  20  1:51  Drone  
  21  2:00  Queen x2  
  21  2:01  Overlord  
  25  2:02  Drone  
  25  2:05  Evolution Chamber  
  25  2:11  Drone x2  
  27  2:23  Drone x2  
  29  2:31  Zerg Ground Armor Level 1  
  29  2:32  Drone x2  
  31  2:38  Queen  
  31  2:43  Overlord  
  33  2:48  Drone  
  34  2:54  Drone  
  35  2:58  Overlord  
  35  3:06  Hatchery  
  35  3:11  Metabolic Boost  
  34  3:14  Overlord  
  34  3:17  Drone  
  34  3:18  Drone  
  36  3:21  Zergling x2  
  36  3:26  Zergling x2, Baneling Nest  
  37  3:29  Drone  
  37  3:33  Zergling x2  
  37  3:34  Zergling x2  
  40  3:38  Zergling x2  
  40  3:39  Evolution Chamber  
  40  3:41  Zergling x2  
  40  3:47  Zergling x2  
  40  3:48  Zergling x4  
  44  3:51  Drone  
  44  3:52  Drone  
  44  3:55  Zergling x4  
  48  3:59  Zergling x4  
  50  4:06  Overlord  
  50  4:09  Zergling x2  
  51  4:10  Baneling  
  51  4:19  Drone, Zerg Melee Weapons Level 1  
  51  4:22  Overlord  
  52  4:24  Overlord  
  52  4:26  Drone x2  
  52  4:27  Hatchery  
  52  4:28  Drone  
  54  4:33  Drone  
  54  4:38  Baneling x3  
  55  4:42  Drone x2  
  55  4:44  Drone x3  
  52  4:53  Zergling x8  
  52  4:55  Drone  
  56  5:04  Drone  
  53  5:07  Zergling x2  
  53  5:12  Roach Warren  
  53  5:13  Zergling x8  
  57  5:16  Baneling  
  57  5:17  Baneling  
  57  5:18  Zergling x2  
  57  5:29  Zergling x4  
  59  5:36  Lair  
  59  5:37  Drone  
  59  5:38  Drone  
  59  5:39  Drone  
  62  5:43  Drone x4  
  62  5:44  Drone x2  
  62  5:46  Baneling  
  62  5:49  Drone  
  69  5:52  Drone x2  
  69  5:55  Extractor  
  69  5:56  Extractor  
  67  6:00  Drone  
  67  6:01  Drone  
  69  6:05  Drone  
  69  6:10  Drone x5  
  69  6:11  Drone  
  76  6:13  Drone x2  
  76  6:14  Drone x3  
  80  6:20  Zerg Missile Weapons Level 1  
  80  6:21  Drone  
  80  6:22  Extractor  
  80  6:24  Extractor  
  79  6:27  Roach  
  79  6:29  Overlord x2  
  81  6:35  Overlord, Hatchery  
  81  6:38  Glial Reconstitution  
  81  6:39  Overlord  
  80  6:44  Overlord  
  80  6:50  Overlord  
  80  6:52  Roach x4  
  80  6:53  Roach  
  90  6:55  Roach  
  90  6:57  Overlord  
  90  6:59  Roach x2  
  90  7:01  Overlord  
  96  7:05  Roach x2  
  96  7:08  Overlord  
  100  7:12  Roach x4  
  100  7:13  Overlord  
  107  7:17  Drone x2  
  107  7:19  Roach  
  111  7:25  Overlord  
  111  7:26  Roach  
  113  7:30  Drone x2, Extractor  
  113  7:31  Drone x2  
  113  7:33  Roach  
  113  7:36  Overlord  
  118  7:38  Queen  
  118  7:40  Roach  
  118  7:41  Roach x3  
  127  7:47  Roach x3  
  127  7:50  Roach, Zergling x2  
  131  7:52  Overlord  
  130  7:59  Roach x2  
  130  8:03  Roach  
  130  8:04  Roach x2  
  142  8:07  Roach  
  142  8:08  Roach x2  
  142  8:09  Baneling  
  142  8:10  Baneling  
  142  8:11  Roach x3  
  154  8:17  Roach  
  156  8:21  Roach x3  
  156  8:25  Roach  
  151  8:31  Roach x2  
Show
View Real Time Build Order
Export as new Build Order

Scarlett Zerg - Winner!

Build Orders: Hatch First 

Get SALT Encoding   

  12  0:00  Drone  
  13  0:12  Overlord  
  13  0:17  Drone  
  14  0:30  Drone x2  
  16  0:46  Hatchery  
  16  0:50  Drone  
  16  0:54  Drone  
  17  0:57  Drone  
  18  1:08  Extractor  
  17  1:13  Spawning Pool  
  17  1:15  Drone  
  17  1:20  Drone  
  18  1:27  Drone  
  19  1:39  Drone  
  20  1:50  Drone  
  21  1:59  Queen  
  21  2:00  Drone, Queen  
  26  2:02  Overlord  
  26  2:09  Metabolic Boost  
  26  2:10  Drone x2  
  28  2:20  Drone  
  28  2:21  Drone  
  30  2:31  Drone  
  30  2:32  Drone  
  32  2:37  Hatchery  
  32  2:43  Queen  
  33  2:46  Overlord  
  33  2:50  Drone  
  34  2:53  Zergling x2  
  35  3:05  Overlord  
  35  3:07  Zergling x4  
  35  3:10  Zergling x2  
  35  3:11  Zergling x8  
  42  3:15  Drone  
  43  3:22  Drone, Evolution Chamber  
  43  3:32  Drone x3  
  46  3:39  Roach Warren  
  46  3:40  Drone x2  
  47  3:48  Overlord  
  46  3:49  Drone x2  
  46  3:50  Zerg Missile Weapons Level 1  
  46  3:52  Drone  
  46  3:53  Drone x2  
  46  3:55  Drone  
  52  4:01  Overlord  
  52  4:04  Lair  
  52  4:05  Drone  
  52  4:08  Extractor  
  52  4:20  Roach x3  
  52  4:21  Overlord  
  58  4:25  Roach  
  58  4:27  Overlord  
  58  4:28  Roach, Zergling x4  
  64  4:37  Extractor, Roach  
  64  4:38  Zergling x10  
  70  4:43  Roach, Zergling x2  
  71  4:47  Roach  
  71  4:50  Roach, Zergling x4  
  69  5:05  Drone  
  69  5:06  Drone x8  
  74  5:09  Glial Reconstitution  
  74  5:18  Drone, Overlord  
  74  5:19  Drone x3  
  78  5:21  Overseer  
  78  5:36  Roach  
  78  5:37  Roach  
  82  5:44  Drone  
  82  5:45  Drone x9  
  82  5:48  Zerg Missile Weapons Level 2  
  82  5:49  Extractor  
  91  5:51  Evolution Chamber  
  91  5:54  Roach x3  
  95  6:02  Overlord  
  95  6:03  Roach, Overlord  
  97  6:16  Extractor  
  97  6:17  Drone x3, Extractor  
  98  6:18  Overlord x2  
  98  6:19  Zerg Ground Armor Level 1  
  98  6:22  Drone  
  98  6:25  Drone x3  
  101  6:27  Drone  
  101  6:28  Drone  
  101  6:30  Overlord  
  101  6:31  Roach  
  106  6:41  Roach  
  106  6:42  Roach x2  
  112  6:48  Overlord  
  112  6:49  Roach  
  112  6:50  Roach x7  
  128  6:57  Overlord  
  128  6:58  Overlord x2  
  128  7:12  Roach x6  
  139  7:21  Roach  
  139  7:22  Roach x7  
  155  7:32  Roach  
  155  7:33  Roach x2  
  161  7:40  Hatchery  
  161  7:41  Roach x4  
  168  7:49  Overlord x2  
  168  7:50  Overlord x2  
  168  7:54  Roach  
  170  7:58  Infestation Pit  
  169  8:06  Ravager  
  169  8:10  Roach  
  169  8:11  Roach x6  
  181  8:24  Roach x3  
  181  8:25  Roach  
  172  8:41  Hydralisk Den  

Tags
 
Add a new tag
Caveats
  • Supply blocks, unpowered buildings, or Contaminate may cause inaccurate times.
  • Supply counts are checked every 10 seconds.